 Dungeon Crawl Stone Soup version bcrawl-1.12.2 (webtiles) character file.

Game seed: 1201334907117852018

410 Ebbett the Scratcher (level 6, 0/33 HPs)
             Began as a Felid Berserker on July 24, 2019.
             Was a Priest of Trog.
             Killed from afar by Blork the orc (8 damage)
             ... with a magic dart
             ... on level 4 of the Dungeon.
             The game lasted 00:10:34 (3178 turns).

Ebbett the Scratcher (Felid Berserker)              Turns: 3178, Time: 00:10:34

Health: 0/33       AC:  2    Str: 15      XL:     6   Next: 89%
Magic:  7/7        EV: 24    Int:  7      God:    Trog [***...]
Gold:   83         SH:  0    Dex: 14 (15) Spells: 5/5 levels left
                                        Lives:  0   Deaths: 1

rFire    . . .     SeeInvis +     - Unarmed
rCold    . . .     Gourm    .   (shield unavailable)
rNeg     . . .     Faith    .   (armour unavailable)
rPois    .         Spirit   .   (helmet unavailable)
rElec    .         Reflect  .   (cloak restricted)
rCorr    .         Harm     .   (gloves unavailable)
MR       +++..                  (boots unavailable)
Stlth    +++.......             (no amulet)
HPRegen  1.11/turn              d - +3 ring of evasion
MPRegen  0.10/turn              k - ring of see invisible

@: regenerating, quick
A: very small, no armour, no weapons or thrown items, stealth, claws 1, fangs 3,
see invisible, carnivore, deterioration 1, dopey 1, speed 1, magic resistance 1,
shaggy fur 2, slow metabolism 1, sharp paws
a: Berserk, Trog's Hand, Renounce Religion


You were on level 4 of the Dungeon.
You worshipped Trog.
Trog was most pleased with you.
You were full.

You visited 1 branch of the dungeon, and saw 4 of its levels.

You collected 83 gold pieces.

Inventory:

Jewellery
 d - a +3 ring of evasion (left paw)
 k - a ring of see invisible (right paw)
Wands
 b - a wand of paralysis (8)
 q - a wand of iceblast (6)
Scrolls
 c - a scroll of enchant armour
 e - a scroll of magic mapping
 h - a scroll of remove curse
 i - 2 scrolls of enchant weapon
 j - a scroll of teleportation {unknown}
 m - a scroll of fear
Potions
 f - a potion of haste
 g - 2 potions of curing
Comestibles
 a - 6 rations {!d}


   Skills:
 + Level 3.7 Fighting
 + Level 6.3 Dodging
 + Level 2.7 Stealth
 + Level 7.1 Unarmed Combat


You had 5 spell levels left.
You didn't know any spells.
Your spell library was empty.

Dungeon Overview and Level Annotations

Branches:
Dungeon (4/12)
 Temple: D:4-7

Altars:

Annotations:
D:4 Blork the orc


Innate Abilities, Weirdness & Mutations

You cannot wear almost all types of armour.
You are incapable of wielding weapons or throwing items.
Your paws allow you to move quietly. (Stealth)
You have sharp claws.
You have razor-sharp teeth.
You have supernaturally acute eyesight. (SInv)
You are carnivorous and can eat meat at any time.
You cover ground quickly.
You are covered in thick fur. (AC +2)
You have a slow metabolism.
Your sharp claws are effective at attacking unaware monsters.
Your body sometimes deteriorates upon taking damage.
You are dopey. (Int -2)
You are resistant to hostile enchantments. (MR+)


Message History

The magic dart hits you! The jackal completely misses you.
You barely miss the jackal. Your claw misses the jackal.
The jackal is lightly wounded.
A bullfrog skeleton comes into view.
Blork the orc gestures at you while chanting.
The puff of frost hits you! The jackal bites you.
Blork the orc points at you and mumbles some strange words.
The puff of flame hits you!
* * * LOW HITPOINT WARNING * * *
Your skin crawls.
You feel resistant to hostile enchantments.
You feel somewhat less full. The jackal completely misses you. x2
An orc comes into view. It is wielding a +0 war axe.
The jackal completely misses you.
You see here a jackal corpse.
You barely miss the jackal.
The jackal is lightly wounded.
Blork the orc gestures at you while chanting.
The magic dart hits you!
You die...

##....###....##.<#..###
#......###....#.......#
........ ##..##......##
...... .#..#.....### ..
..............# .
###...........##
#.............###
.J....###........###
....## #..@o........
#..w #..h....<..Z. ##.
#............
..............
................
.................
........(.......
.o..............


You could see Blork the orc, an orc (wandering) and a jackal.

Vanquished Creatures
  Grinder (D:3)
  A phantom (D:4)
  A hound (D:4)
  An orc priest (D:3)
  A bullfrog zombie (D:4)
  Crazy Yiuf (D:3)
  Terence (D:2)
  2 orc wizards (D:3)
  6 gnolls
  8 adders
  3 oozes
  An adder skeleton (D:4)
  3 worms
  A dart slug (D:1)
  3 leopard geckos
  20 orcs (D:3)
  3 giant cockroaches
  3 goblins
  8 hobgoblins
  10 jackals
  A quokka (D:3)
  7 bats
  5 frilled lizards
  9 kobolds
  6 rats
106 creatures vanquished.

Vanquished Creatures (others)
  A jackal (D:4)
1 creature vanquished.

Grand Total: 107 creatures vanquished

Notes
Turn   | Place    | Note
-------+----------+-------------------------------------------
     0 | D:1      | Ebbett the Felid Berserker began the quest for the Orb.
     0 | D:1      | Reached XP level 1. HP: 12/12 MP: 2/2
   187 | D:1      | Reached XP level 2. HP: 11/16 MP: 3/3
   482 | D:1      | Reached skill level 4 in Unarmed Combat
   736 | D:1      | Reached ** piety under Trog
  1039 | D:2      | Reached XP level 3. HP: 20/20 MP: 4/4
  1486 | D:2      | Noticed Terence
  1494 | D:2      | Killed Terence
  1535 | D:2      | Reached XP level 4. HP: 19/24 MP: 5/5
  1844 | D:3      | Reached skill level 1 in Stealth
  1847 | D:3      | Reached skill level 5 in Unarmed Combat
  1859 | D:3      | HP: 1/24 [giant cockroach (1)]
  1860 | D:3      | Succumbed to an adder's poison
  1861 | D:3      | Reached XP level 3. HP: 0/20 MP: 4/4
  1863 | D:3      | Reached skill level 5 in Dodging
  1863 | D:3      | Reached XP level 4. HP: 24/24 MP: 5/5
  1863 | D:3      | Reached XP level 5. HP: 28/28 MP: 6/6
  1863 | D:3      | Noticed Grinder
  1901 | D:3      | Paralysed by Grinder for 3 turns
  1912 | D:3      | Paralysed by Grinder for 3 turns
  1919 | D:3      | Killed Grinder
  2097 | D:3      | Reached skill level 6 in Unarmed Combat
  2347 | D:3      | Gained mutation: You are dopey. (Int -2) [potion of
                  | mutation]
  2347 | D:3      | Gained mutation: Your body sometimes deteriorates upon
                  | taking damage. [potion of mutation]
  2347 | D:3      | Gained mutation: You are resistant to hostile enchantments.
                  | (MR+) [potion of mutation]
  2582 | D:3      | Gained mutation: You are covered in thick fur. (AC +2)
                  | [Felid growth]
  2582 | D:3      | Reached XP level 6. HP: 30/32 MP: 7/7
  2624 | D:3      | Reached *** piety under Trog
  2748 | D:3      | Found a runed door.
  2949 | D:3      | Noticed Crazy Yiuf
  2953 | D:3      | Killed Crazy Yiuf
  3098 | D:4      | Noticed Blork the orc
  3115 | D:4      | Reached skill level 7 in Unarmed Combat
  3115 | D:4      | Noticed a phantom
  3148 | D:4      | Killed a phantom
  3178 | D:4      | Killed from afar by Blork the orc

Skill      XL: |  1  2  3  4  5  6 |
---------------+-------------------+-----
Unarmed Combat | 4 5 6 7 |  7.1
Stealth        | 2 1 |  2.7
Dodging        | 5 6 |  6.3
Fighting       | |  3.7

Action                   |  1- 3 |  4- 6 || total
-------------------------+-------+-------++-------
Melee: Unarmed           |   100 |   198 ||   298
       Bite              |    10 |    16 ||    26
       Punch             |     3 |     7 ||    10
Invok: Berserk           |     3 |     9 ||    12
       Trog's Hand       |       |     6 ||     6
  Use: Scroll            |       |     7 ||     7
       Potion            |       |     4 ||     4
 Stab: Sleeping          |     1 |     2 ||     3
  Eat: Chunk             |     9 |    13 ||    22
       Ration            |       |     3 ||     3
Armor: Skin              |     3 |     4 ||     7
Dodge: Dodged            |   101 |   230 ||   331
